 Dungeon Crawl Stone Soup version 0.19.0-20-gbc5f0c6 (webtiles) character file.

142 toast the Shield-Bearer (level 5, -10/47 HPs)
             Began as a Minotaur Fighter on Nov 17, 2016.
             Was an Initiate of Okawaru.
             Mangled by a polar bear (17 damage)
             ... created by the rage of Trog
             ... on level 3 of the Dungeon.
             The game lasted 00:06:23 (1637 turns).

toast the Shield-Bearer (Minotaur Fighter)          Turns: 1637, Time: 00:06:24

Health: -10/47     AC: 12    Str: 21    XL:     5   Next: 4%
Magic:  4/4        EV:  4    Int:  5    God:    Okawaru [......]
Gold:   138        SH: 10    Dex: 10    Spells: 0 memorised, 4 levels left

rFire  . . .     SeeInvis .     a - +1 war axe
rCold  . . .     Gourm    .     p - +0 plate armour
rNeg   . . .     Faith    .     c - +1 shield
rPois  .         Spirit   .     (helmet restricted)
rElec  .         Reflect  .     (no cloak)
rCorr  .         Harm     .     (no gloves)
MR     .....                    (no boots)
Stlth  ..........               (no amulet)
                                (no ring)
                                (no ring)

@: no status effects
A: retaliatory headbutt, horns 2
a: Renounce Religion


You were on level 3 of the Dungeon.
You worshipped Okawaru.
Okawaru was noncommittal.
You were not hungry.

You visited 1 branch of the dungeon, and saw 3 of its levels.

You collected 138 gold pieces.

Inventory:

Hand Weapons
 a - a +1 war axe (weapon)
 k - a +1 mace of pain
Armour
 b - a +0 scale mail
 c - a +1 shield (worn)
 p - a +0 plate armour (worn)
Scrolls
 e - 2 scrolls of teleportation
 j - 5 scrolls of identify
 l - a scroll of remove curse
 o - a scroll of magic mapping {unknown}
 q - a scroll of blinking
Potions
 d - a potion of might
 m - a potion of curing {unknown}
 n - 3 potions of brilliance {unknown}
 r - 2 potions of agility {unknown}
Comestibles
 f - 3 bread rations
 g - a chunk of flesh
 h - a royal jelly
 i - 3 meat rations


   Skills:
 + Level 4.4 Fighting
 * Level 4.3 Axes
 + Level 4.4 Armour
 + Level 4.5 Shields
 + Level 0.0 Invocations


You had 4 spell levels left.
You didn't know any spells.

Dungeon Overview and Level Annotations

Branches:
Dungeon (3/15)

Altars:
Okawaru
Sif Muna
Trog
Vehumet


Innate Abilities, Weirdness & Mutations

You reflexively headbutt those who attack you in melee.
You have a pair of horns on your head.


Message History

You block the polar bear's attack. The polar bear bites you!!
The polar bear claws you but does no damage.
The polar bear barely misses you.
The polar bear rages.
You block the polar bear's attack. x2
The polar bear claws you but does no damage.
The polar bear barely misses you.
The polar bear claws you but does no damage.
The polar bear claws you.
The polar bear rages. x3
The polar bear bites you!
* * * LOW HITPOINT WARNING * * *
The polar bear barely misses you. You block the polar bear's attack.
The black bear rages.
You hear an angry growl. x2
You block the polar bear's attack. The polar bear completely misses you.
You block the polar bear's attack.
The polar bear rages. x2
The polar bear bites you!
You die...

#..###.#..### #.....
##.##.......# ##########
#.##.#.....# #.........
#.#..#.....# #.........
#...##.....# #####.......(.
#.>###.....###.h.hh........
#รท.#
#.....##h.###.........
###..# ######.h.##
########## #####...##
###.@h### #.[
#.....#..####...### #..
#.....##....>.### #..
#.....##..##### #..
#.....##### ### #######


You could see 5 polar bears.

Vanquished Creatures
  Terence (D:2)
  3 adders
  2 oozes (D:1)
  A worm (D:2)
  4 dart slugs
  2 leopard geckos (D:1)
  4 orcs (D:3)
  2 ball pythons
  6 goblins
  10 hobgoblins
  A quokka (D:3)
  7 bats
  A frilled lizard (D:1)
  8 kobolds
  17 rats
69 creatures vanquished.

Notes
Turn   | Place    | Note
-------+----------+-------------------------------------------
     0 | D:1      | toast the Minotaur Fighter began the quest for the Orb.
     0 | D:1      | Reached XP level 1. HP: 19/19 MP: 0/0
   145 | D:1      | Reached XP level 2. HP: 19/27 MP: 1/1
   305 | D:1      | Reached XP level 3. HP: 28/33 MP: 2/2
   576 | D:2      | Noticed Terence
   583 | D:2      | Killed Terence
   583 | D:2      | Reached XP level 4. HP: 40/40 MP: 3/3
   904 | D:2      | Noticed a moth of wrath
   907 | D:2      | Found a bloodstained altar of Trog.
   924 | D:2      | Became a worshipper of Trog the Wrathful
  1092 | D:2      | Found a radiant altar of Vehumet.
  1095 | D:2      | Found an iron altar of Okawaru.
  1098 | D:2      | Found a deep blue altar of Sif Muna.
  1101 | D:2      | Fell from the grace of Trog
  1101 | D:2      | Became a worshipper of Warmaster Okawaru
  1247 | D:3      | Reached XP level 5. HP: 46/47 MP: 4/4
  1335 | D:3      | Found a faded altar of an unknown god.
  1626 | D:3      | Noticed a polar bear
  1626 | D:3      | Noticed a polar bear
  1626 | D:3      | Noticed a polar bear
  1626 | D:3      | Noticed a polar bear
  1626 | D:3      | Noticed a black bear
  1626 | D:3      | Noticed a polar bear
  1637 | D:3      | Mangled by a polar bear

Skill      XL: |  1  2  3 |
---------------+----------+-----
Axes           | 3 4 |  4.3
Armour         | 4 |  4.4
Shields        | 4 |  4.5
Fighting       | 4 |  4.4

Action                   |  1- 3 |  4- 6 || total
-------------------------+-------+-------++-------
Melee: War axe           |    70 |    72 ||   142
       Headbutt          |    10 |    10 ||    20
  Use: Scroll            |     3 |     5 ||     8
  Eat: Chunk             |       |     3 ||     3
Armor: Scale mail        |    31 |    21 ||    52
       Plate armour      |       |     6 ||     6
Dodge: Dodged            |    19 |    24 ||    43
Block: Shield            |    45 |    39 ||    84
